 Dungeon Crawl Stone Soup version 0.28.0 (webtiles) character file.

Game seed: 14116218224681071589

288 lonewolfV2 the Sneak (level 6, -2/50 HPs)
             Began as a Draconian Brigand on Feb 9, 2022.
             Succumbed to a killer bee's poison
             ... on level 4 of the Dungeon.
             The game lasted 00:06:46 (3454 turns).

lonewolfV2 the Sneak (Draconian Brigand)            Turns: 3454, Time: 00:06:46

Health: -2/50      AC:  7    Str: 15    XL:     6   Next: 9%
Magic:  6/6        EV: 12    Int: 12    God:
Gold:   90         SH:  5    Dex: 12    Spells: 5/5 levels left

rFire   . . .      SeeInvis .   a - +2 dagger
rCold   . . .      Faith    .   (no shield)
rNeg    . . .      Spirit   .   (armour unavailable)
rPois   .          Reflect  +   (helmet restricted)
rElec   .          Harm     .   b - +0 cloak
rCorr   .          Rampage  .   (no gloves)
Will    .....                   (no boots)
Stlth   +++.......              d - amulet of reflection
HPRegen 0.16/turn               h - ring of wizardry
MPRegen 0.10/turn               (no ring)

@: mighty, lethally poisoned (-2 -> -22), invisible
A: AC +6, unfitting armour, cold-blooded
a: no special abilities


You were on level 4 of the Dungeon.
You visited 1 branch of the dungeon, and saw 4 of its levels.

You collected 90 gold pieces.

Inventory:

Hand Weapons
 a - a +2 dagger (weapon)
Armour
 b - a +0 cloak (worn)
Jewellery
 d - an amulet of reflection (around neck)
 h - a ring of wizardry (left hand)
Potions
 e - a potion of flight
 i - 2 potions of brilliance
 j - a potion of ambrosia {unknown}
 k - 2 potions of might
 l - a potion of resistance {unknown}


   Skills:
 + Level 2.8 Fighting
 + Level 2.9 Short Blades
 + Level 3.8 Throwing
 + Level 1.9 Dodging
 + Level 4.8 Stealth
 + Level 0.3 Shields


You had 5 spell levels left.
You didn't know any spells.
Your spell library contained the following spells:

 Spells                   Type           Power      Damage    Failure   Level
 Passage of Golubria      Tloc           0%         N/A       75%         4
 Silence                  Hex/Air        0%         N/A       97%         5
 Lehudib's Crystal Spear  Conj/Erth      0%         10d2      100%        8


Dungeon Overview and Level Annotations

Branches:
Dungeon (4/15)             Temple (0/1) D:4

Altars:
Fedhas
Kikubaaqudgha

Shops:
D:2 =((


Innate Abilities, Weirdness & Mutations

Your plain brown scales are hard. (AC +6)
You cannot fit into any form of body armour.
You are cold-blooded and may be slowed by cold attacks.


Message History

It was a potion of heal wounds.
You feel much better.
You feel very sick. The killer bee stings you.
The killer bee stings you but does no damage.
The killer bee stings you. You block the killer bee's attack.
You feel very mighty all of a sudden.
You feel sick.
The killer bee stings you but does no damage.
The killer bee closely misses you.
The killer bee stings you but does no damage. x2
You puncture the killer bee! You tail-slap the killer bee.
You kill the killer bee!
You feel sick. The killer bee closely misses you.
The killer bee barely misses you. You block the killer bee's attack.
You have reached level 6!
Your scales feel tougher.
You puncture the killer bee!
The killer bee is heavily wounded.
You feel sick. You block the killer bee's attack.
The killer bee closely misses you.
You miss the killer bee.
The killer bee is heavily wounded.
You feel sick.
The killer bee stings you but does no damage.
You block the killer bee's attack. The killer bee barely misses you. x2
You hit the killer bee.
The killer bee is severely wounded.
You feel sick. The killer bee stings you.
* * * LOW HITPOINT WARNING * * *
You are more poisoned.
The killer bee poisons you! The killer bee stings you.
* * * LOW HITPOINT WARNING * * *
You are more poisoned.
The killer bee poisons you!
The killer bee stings you but does no damage.
The killer bee stings you.
* * * LOW HITPOINT WARNING * * *
It was a potion of invisibility.
You fade into invisibility!
You die...

##### #...#####
#.#.....#
..#####y..###.#
.(.(Sgy@.## #.#
.######### #.#
####.######
#.........#
#.##.####.# #.##.##
##.##..#
....####...##.###.#
......................


You could see 2 killer bees, a hobgoblin and a ball python.

Vanquished Creatures
  A black bear (D:4)
  2 killer bees (D:4)
  5 adders
  An adder skeleton (D:4)
  A dart slug (D:2)
  7 orcs
  5 ball pythons
  An endoplasm (D:3)
  5 giant cockroaches
  6 goblins
  2 hobgoblins (D:3)
  3 quokkas
  6 bats
  2 frilled lizards (D:2)
  9 kobolds
  7 rats
63 creatures vanquished.

Notes
Turn   | Place    | Note
-------+----------+-------------------------------------------
     0 | D:1      | lonewolfV2 the Draconian Brigand began the quest for the
                  | Orb.
     0 | D:1      | Reached XP level 1. HP: 17/17 MP: 1/1
   489 | D:1      | Reached XP level 2. HP: 25/25 MP: 2/2
   568 | D:1      | Found a faded altar of an unknown god.
   762 | D:2      | Found Ohodiuh's Antique Weapon Shoppe.
   789 | D:2      | Reached skill level 4 in Stealth
   804 | D:2      | Found Fidao's Weapon Shop.
  1048 | D:2      | Found Tafiy's Jewellery Shop.
  1275 | D:2      | Reached XP level 3. HP: 28/30 MP: 3/3
  1857 | D:3      | Reached skill level 1 in Dodging
  1875 | D:3      | Found an ancient bone altar of Kikubaaqudgha.
  2399 | D:3      | Reached XP level 4. HP: 37/37 MP: 4/4
  3152 | D:4      | Found a staircase to the Ecumenical Temple.
  3193 | D:4      | Noticed a black bear
  3198 | D:4      | Killed a black bear
  3199 | D:4      | Reached XP level 5. HP: 38/42 MP: 5/5
  3283 | D:4      | Found a blossoming altar of Fedhas.
  3447 | D:4      | HP: 2/44 [killer bee (2)]
  3451 | D:4      | Reached XP level 6. HP: 19/50 MP: 6/6
  3453 | D:4      | HP: 2/50 [killer bee (5)]
  3454 | D:4      | Succumbed to a killer bee's poison

Illustrated notes

Levels and vault maps discovered:
D:1:      eino_arrival_water_cross, layout_loops_ring,
          hellmonk_ecumenical_altar_leap_of_faith, bh_walls_and_bars
D:2:      layout_rooms, serial_shops, shop, shop, nicolae_shop_waterfront,
          chequers_serial_rivers_room_a
D:3:      minmay_spotlight, layout_loops_ring, lemuel_doored_altar,
          kennysheep_pointless_box, chequers_arboretum
D:4:      layout_loops_corners, fedhas_altar_1, temple_fountains,
          kennysheep_path_1, abandoned_shop, minivault_14, uniq_ijyb

Skill      XL: |  1  2  3  4 |
---------------+-------------+-----
Stealth        | 4 |  4.8
Throwing       | 2 3 |  3.8
Dodging        | 1 |  1.9
Fighting       | |  2.8
Short Blades   | |  2.9
Shields        | |  0.3

Action                   |  1- 3 |  4- 6 || total
-------------------------+-------+-------++-------
Melee: Dagger            |    57 |    66 ||   123
       Tailslap          |     9 |     8 ||    17
Throw: Dart              |    69 |    14 ||    83
  Use: Scroll            |     2 |     4 ||     6
       Potion            |       |     3 ||     3
 Stab: Sleeping          |     2 |     5 ||     7
Armor: Skin              |    21 |    16 ||    37
Dodge: Dodged            |    28 |    42 ||    70
Block: Other             |       |    18 ||    18
